Sasquatch vs Blackdemons
(R1)
Created - March 22, 2018 at 19:29
Goals
|
| Sasquatch |
2 |
2 |
1 |
5 |
| Blackdemons |
2 |
1 |
4 |
7 |
|
Shots
|
| Sasquatch |
6 |
17 |
9 |
32 |
| Blackdemons |
15 |
6 |
11 |
32 |
|
1st period
1. Blackdemons , Sergei Plotnikov 15 (Keaton Ellerby 45) at 9:41
2. Blackdemons , Alexandre Grenier 17 (Martin Hanzal 60, Roman Josi 13) at 12:58
3. Sasquatch , Drew Shore 39 (Teemu Hartikainen 11, Matt Taormina 17) at 14:24
4. Sasquatch , Melker Karlsson 21 (Brock Trotter 28) at 18:28
Penalties :
Nick Leddy (Gat) for Tripping (Minor) at 2:32, Drew Shore (Gat) for Hooking (Minor) at 14:46
2nd period
5. Blackdemons , James Livingstone 1 (Kyle Rau 24) at 5:48
6. Sasquatch , Teemu Hartikainen 7 (Brandon Gormley 39) at 7:37
7. Sasquatch , Martin Marincin 2 (Jason Akeson 46) at 18:12
Penalties :
Mathew Dumba (MJM) for High sticking (Minor) at 0:15
3rd period
8. Blackdemons , Andy McDonald 30 (Mathew Dumba 25) at 0:35
9. Blackdemons , Martin Hanzal 40 (Ronalds Kenins 21, Ales Kotalik 49) at 2:19 (PP)
10. Blackdemons , Patrice Cormier 30 (Alexandre Grenier 17, Keaton Ellerby 46) at 12:00 (PP)
11. Sasquatch , Filip Forsberg 44 (Jason Akeson 47, Slava Voynov 21) at 12:47
12. Blackdemons , Kyle Rau 3 (Keaton Ellerby 47, Andy McDonald 41) at 14:48
Penalties :
Nick Leddy (Gat) for Hooking (Minor) at 2:06, Drew Shore (Gat) for Hooking (Minor) at 7:32, Nick Bjugstad (Gat) for Hooking (Minor) at 10:45, Jason Akeson (Gat) for Hooking (Minor) at 15:07, Charles-Olivier Roussel (MJM) for Holding (Minor) at 17:59
Goalie Stats
Corey Crawford (Gat), 25 saves from 32 shots - (0.781), L, 29-14-5, 60:00 minutes
Matt Hackett (MJM), 27 saves from 32 shots - (0.844), W, 31-15-3, 60:00 minutes
Players Stats for Sasquatch
Player Name G A P +/- PIM S H SB GA TA FO MP PP MP PK MP
------------------------------------------------------------------------------------
Brandon Gormley 0 1 1 1 0 0 0 1 0 1 0/0 19:36 1:42 4:14
Brock Trotter 0 1 1 0 0 3 1 0 1 0 0/1 11:16 0:06 2:07
Drew Shore 1 0 1 3 4 2 1 2 0 0 20/39 21:52 1:58 3:15
Filip Forsberg 1 0 1 3 0 2 0 0 1 0 3/3 18:47 2:04 0:00
Jason Akeson 0 2 2 3 2 3 2 2 0 0 0/0 18:55 2:04 0:00
Jason Zucker 0 0 0 -4 0 1 0 1 1 0 0/0 14:40 1:48 0:09
Lauri Tukonen 0 0 0 0 0 2 2 0 0 0 0/1 14:49 0:06 5:19
Martin Marincin 1 0 1 1 0 3 0 0 0 1 0/0 14:33 0:00 5:10
Matt Halischuk 0 0 0 -4 0 2 2 1 0 0 1/1 14:25 0:00 1:43
Matt Taormina 0 1 1 2 0 1 0 2 0 1 0/0 24:43 1:42 5:10
Melker Karlsson 1 0 1 0 0 2 0 0 0 0 1/1 9:17 0:13 0:00
Nick Bjugstad 0 0 0 -4 2 0 3 1 0 0 3/10 15:19 1:48 0:49
Nick Leddy 0 0 0 -3 4 5 2 1 2 0 0/0 21:57 2:16 0:00
Patrick Wey 0 0 0 -3 0 0 1 3 1 2 0/0 26:18 2:16 4:14
Petr Straka 0 0 0 1 0 0 1 0 0 0 0/0 9:49 1:47 0:00
Sergey Kalinin 0 0 0 1 0 1 3 0 1 0 2/5 11:14 0:00 3:17
Slava Voynov 0 1 1 2 0 1 1 0 0 0 0/0 12:52 0:00 0:00
Teemu Hartikainen 1 1 2 1 0 4 1 0 1 0 0/2 10:08 0:00 2:09
Players Stats for Blackdemons
Player Name G A P +/- PIM S H SB GA TA FO MP PP MP PK MP
------------------------------------------------------------------------------------
Ales Kotalik 0 1 1 -3 0 2 0 2 1 0 0/0 19:32 4:51 0:00
Alexandre Grenier 1 1 2 1 0 1 3 1 0 1 0/0 17:37 4:32 0:00
Andrew MacDonald 0 0 0 -3 0 3 1 0 0 0 0/0 14:12 0:00 0:00
Andy McDonald 1 1 2 1 0 2 2 0 0 0 0/1 18:52 4:32 1:14
Blake Pietila 0 0 0 0 0 3 0 0 0 0 0/0 7:43 0:00 0:00
Brett Kulak 0 0 0 0 0 0 0 0 0 0 0/0 5:23 0:00 0:38
Calvin de Haan 0 0 0 -3 0 0 2 2 0 3 0/0 20:56 3:48 2:19
Charles-Olivier Roussel 0 0 0 0 2 0 0 1 0 0 0/0 5:23 0:00 0:38
James Livingstone 1 0 1 0 0 2 0 0 0 0 0/0 7:43 0:00 0:00
Jeffrey Foss 0 0 0 1 0 0 0 0 0 2 0/0 9:13 0:00 0:00
Keaton Ellerby 0 3 3 2 0 1 1 1 0 0 0/0 25:15 5:36 1:48
Kyle Rau 1 1 2 2 0 3 0 0 0 0 3/5 10:46 0:00 0:00
Martin Hanzal 1 1 2 -3 0 1 1 1 2 0 16/32 20:37 4:51 0:56
Mathew Dumba 0 1 1 2 2 2 1 0 0 0 0/0 24:42 5:36 1:01
Max Friberg 0 0 0 2 0 1 1 2 0 0 0/0 12:05 0:01 0:56
Patrice Cormier 1 0 1 1 0 2 2 0 0 1 12/20 19:43 4:33 1:57
Roman Josi 0 1 1 1 0 0 1 0 1 0 0/0 15:10 3:48 1:32
Ronalds Kenins 0 1 1 -3 0 2 2 1 0 0 0/0 21:05 4:42 1:48
Scott Timmins 0 0 0 0 0 3 1 2 0 0 2/5 8:54 0:00 1:05
Sergei Plotnikov 1 0 1 2 0 4 3 0 1 1 0/0 11:09 0:10 0:00
3 Stars
1 - Keaton Ellerby (MJM)
2 - Alexandre Grenier (MJM)
3 - Andy McDonald (MJM)
Power Play
Sasquatch - 0 on 2 Attempt(s) - 0.00%
Blackdemons - 2 on 6 Attempt(s) - 33.33%
Penalty Kill
Sasquatch - 4 on 6 Attempt(s) - 66.67%
- Score 0 goal in Penalty Kill
Blackdemons - 2 on 2 Attempt(s) - 100.00%
- Score 0 goal in Penalty Kill
Team Stat
Sasquatch - Hits : 20 - Faceoff Wins : 30 - Blocked Shots : 14 - Penalty Minutes : 12
Blackdemons - Hits : 21 - Faceoff Wins : 33 - Blocked Shots : 13 - Penalty Minutes : 4
Official
Referees : LaRue Dennis and Pollock Kevin
Linesman : Ryan Galloway and Pierre Racicot
Game Notes
No Game Note
Finance
Level 1 -- Attendance: 1442 (72.10%) -- Ticket Income $57,680
Level 2 -- Attendance: 706 (70.60%) -- Ticket Income $14,120
Total Attendance: 2148 (71.60%)
Total Ticket Income: $71,800
Other Income: $3,590
Total Income: $75,390
Sasquatch
5 vs 5 Forward
Center Left Wing Right Wing Time % Phy DF OF
1 Drew Shore Filip Forsberg Jason Akeson 40 1 2 2
2 Nick Bjugstad Jason Zucker Matt Halischuk 30 1 2 2
3 Melker Karlsson Brock Trotter Lauri Tukonen 20 1 2 2
4 Sergey Kalinin Teemu Hartikainen Petr Straka 10 1 2 2
5 vs 5 Defense
Defense Defense Time % Phy DF OF
1 Patrick Wey Nick Leddy 40 1 2 2
2 Brandon Gormley Matt Taormina 30 1 2 2
3 Martin Marincin Slava Voynov 20 1 2 2
4 Slava Voynov Matt Taormina 10 1 2 2
PowerPlay Forward
Center Left Wing Right Wing Time % Phy DF OF
1 Drew Shore Filip Forsberg Jason Akeson 60 1 2 2
2 Nick Bjugstad Jason Zucker Petr Straka 40 1 2 2
PowerPlay Defense
Defense Defense Time % Phy DF OF
1 Nick Leddy Patrick Wey 60 1 2 2
2 Brandon Gormley Matt Taormina 40 1 2 2
Penalty Kill 4 Players Forward
Center Wing Time % Phy DF OF
1 Drew Shore Lauri Tukonen 60 1 2 2
2 Sergey Kalinin Matt Halischuk 40 1 2 2
Penalty Kill 4 Players Defense
Defense Defense Time % Phy DF OF
1 Martin Marincin Matt Taormina 60 1 2 2
2 Brandon Gormley Patrick Wey 40 1 2 2
Penalty Kill - 3 Players Forward
Forward Time % Phy DF OF
1 Sergey Kalinin 60 1 2 2
2 Brock Trotter 40 1 2 2
Penalty Kill - 3 Players Defense
Defense Defense Time % Phy DF OF
1 Matt Taormina Brandon Gormley 60 1 2 2
2 Martin Marincin Patrick Wey 40 1 2 2
4 vs 4 Forward
Center Wing Time % Phy DF OF
1 Nick Bjugstad Filip Forsberg 60 1 2 2
2 Drew Shore Jason Zucker 40 1 2 2
4 vs 4 Defense
Defense Defense Time % Phy DF OF
1 Brandon Gormley Patrick Wey 60 1 2 2
2 Nick Leddy Martin Marincin 40 1 2 2
Last Minutes Offensive
Center Left Wing Right Wing Defense Defense
Drew Shore Filip Forsberg Jason Akeson Brandon Gormley Nick Leddy
Last Minutes Defensive
Center Left Wing Right Wing Defense Defense
Drew Shore Filip Forsberg Matt Halischuk Martin Marincin Matt Taormina
Goaltenders
Starting : Corey Crawford
Backup : Joonas Korpisalo
Extra Forwards
Normal : Jason Zucker, Petr Straka, Teemu Hartikainen - PP : Jason Zucker, Melker Karlsson - PK : Teemu Hartikainen
Extra Defensemen
Normal : Brandon Gormley, Slava Voynov, Nick Leddy - PP : Brandon Gormley - PK : Nick Leddy, Slava Voynov
Penalty Shots
Jason Akeson, Jason Zucker, Nick Leddy, Filip Forsberg, Lauri Tukonen
Scratches
Andy Andreoff (Healthy), T.J. Tynan (Healthy), Nicolas Deslauriers (Healthy), Ty Rattie (Healthy), Joey Laleggia (Healthy)
Andrew Campbell (Healthy), Jack Campbell (Healthy)
Blackdemons
5 vs 5 Forward
Center Left Wing Right Wing Time % Phy DF OF
1 Martin Hanzal Ronalds Kenins Ales Kotalik 37 0 2 3
2 Patrice Cormier Andy McDonald Alexandre Grenier 35 0 2 3
3 Kyle Rau Sergei Plotnikov Max Friberg 20 1 2 2
4 Scott Timmins Blake Pietila James Livingstone 8 0 4 1
5 vs 5 Defense
Defense Defense Time % Phy DF OF
1 Mathew Dumba Keaton Ellerby 40 0 3 2
2 Calvin de Haan Andrew MacDonald 35 0 3 2
3 Roman Josi Jeffrey Foss 20 1 2 2
4 Charles-Olivier Roussel Brett Kulak 5 1 3 1
PowerPlay Forward
Center Left Wing Right Wing Time % Phy DF OF
1 Martin Hanzal Ronalds Kenins Ales Kotalik 55 0 1 4
2 Patrice Cormier Andy McDonald Alexandre Grenier 45 0 1 4
PowerPlay Defense
Defense Defense Time % Phy DF OF
1 Mathew Dumba Keaton Ellerby 55 0 1 4
2 Roman Josi Calvin de Haan 45 0 1 4
Penalty Kill 4 Players Forward
Center Wing Time % Phy DF OF
1 Patrice Cormier Ronalds Kenins 60 0 5 0
2 Martin Hanzal Max Friberg 40 0 5 0
Penalty Kill 4 Players Defense
Defense Defense Time % Phy DF OF
1 Calvin de Haan Roman Josi 60 0 5 0
2 Keaton Ellerby Mathew Dumba 40 0 5 0
Penalty Kill - 3 Players Forward
Forward Time % Phy DF OF
1 Patrice Cormier 60 0 5 0
2 Max Friberg 40 0 5 0
Penalty Kill - 3 Players Defense
Defense Defense Time % Phy DF OF
1 Mathew Dumba Keaton Ellerby 60 0 5 0
2 Calvin de Haan Roman Josi 40 0 5 0
4 vs 4 Forward
Center Wing Time % Phy DF OF
1 Martin Hanzal Andy McDonald 60 1 2 2
2 Patrice Cormier Ales Kotalik 40 1 2 2
4 vs 4 Defense
Defense Defense Time % Phy DF OF
1 Keaton Ellerby Mathew Dumba 60 1 2 2
2 Andrew MacDonald Roman Josi 40 1 2 2
Last Minutes Offensive
Center Left Wing Right Wing Defense Defense
Martin Hanzal Andy McDonald Ales Kotalik Keaton Ellerby Andrew MacDonald
Last Minutes Defensive
Center Left Wing Right Wing Defense Defense
Patrice Cormier Andy McDonald Ales Kotalik Mathew Dumba Keaton Ellerby
Goaltenders
Starting : Matt Hackett
Backup : Laurent Brossoit
Extra Forwards
Normal : Martin Hanzal, Andy McDonald, Patrice Cormier - PP : Andy McDonald, Martin Hanzal - PK : Patrice Cormier
Extra Defensemen
Normal : Calvin de Haan, Mathew Dumba, Jeffrey Foss - PP : Mathew Dumba - PK : Mathew Dumba, Calvin de Haan
Penalty Shots
Martin Hanzal, Ales Kotalik, Ronalds Kenins, Andy McDonald, Alexandre Grenier
Scratches
Branko Radivojevic (Torn Left Knee Ligaments Injury), Colin Smith (Healthy), Klas Dahlbeck (Broken Bone (Left Foot) Injury), Jyrki Jokipakka (Healthy), Mackenzie MacEachern (Healthy)
Reece Scarlett (Healthy), Ben Maxwell (Healthy), Nicolas Deschamps (Healthy), Jacob Lagacé (Healthy), Alexander Salak (Healthy)
Sami Aittokallio (Healthy)
% Time on Ice - Sasquatch
Lines # - Real PCT - Wanted PCT - Time Play
Normal Forward
1 - 37% - 40% - 17:09
2 - 27% - 30% - 12:43
3 - 19% - 20% - 8:49
4 - 17% - 10% - 7:57
Normal Defense
1 - 43% - 40% - 20:06
2 - 29% - 30% - 13:40
3 - 19% - 20% - 8:59
4 - 8% - 10% - 3:53
PP Forward
1 - 55% - 60% - 2:10
2 - 45% - 40% - 1:48
PP Defense
1 - 57% - 60% - 2:16
2 - 43% - 40% - 1:42
PK Forward
1 - 82% - 60% - 7:41
2 - 18% - 40% - 1:43
PK Defense
1 - 55% - 60% - 5:10
2 - 45% - 40% - 4:14
PK3 Forward
1 - 0% - 60%
2 - 0% - 40%
PK3 Defense
1 - 0% - 60%
2 - 0% - 40%
44 Forward
1 - 0% - 60%
2 - 0% - 40%
44 Defense
1 - 0% - 60%
2 - 0% - 40%
Last Minute Offensive - 0:00
Last Minute Defensive - 0:00
Total
Forward - 60:00
Defense - 60:00
|
% Time on Ice - Blackdemons
Lines # - Real PCT - Wanted PCT - Time Play
Normal Forward
1 - 31% - 37% - 14:36
2 - 29% - 35% - 13:33
3 - 23% - 20% - 10:46
4 - 17% - 8% - 7:43
Normal Defense
1 - 38% - 40% - 17:52
2 - 33% - 35% - 15:24
3 - 20% - 20% - 9:13
4 - 9% - 5% - 4:09
PP Forward
1 - 52% - 55% - 4:51
2 - 48% - 45% - 4:33
PP Defense
1 - 60% - 55% - 5:36
2 - 40% - 45% - 3:48
PK Forward
1 - 76% - 60% - 3:02
2 - 24% - 40% - 0:56
PK Defense
1 - 39% - 60% - 1:32
2 - 61% - 40% - 2:26
PK3 Forward
1 - 0% - 60%
2 - 0% - 40%
PK3 Defense
1 - 0% - 60%
2 - 0% - 40%
44 Forward
1 - 0% - 60%
2 - 0% - 40%
44 Defense
1 - 0% - 60%
2 - 0% - 40%
Last Minute Offensive - 0:00
Last Minute Defensive - 0:00
Total
Forward - 60:00
Defense - 60:00
|
Play by Play
1st period
0:01 of 1st period - Martin Hanzal wins face-off versus Drew Shore in neutral zone.
0:04 of 1st period - Snap shot by Ales Kotalik.
0:04 of 1st period - Deflect By Martin Hanzal.
0:04 of 1st period - Shot Blocked by Patrick Wey.
0:04 of 1st period - Puck is out of play.
0:05 of 1st period - Drew Shore wins face-off versus Martin Hanzal in Sasquatch zone.
0:20 of 1st period - Wrist shot by Martin Hanzal.
0:20 of 1st period - Shot Misses the Net.
0:29 of 1st period - Off-side.
0:30 of 1st period - Patrice Cormier wins face-off versus Nick Bjugstad in neutral zone.
0:45 of 1st period - Matt Halischuk is hit by Patrice Cormier and loses puck.
1:08 of 1st period - Matt Taormina is hit by Sergei Plotnikov and loses puck.
1:12 of 1st period - Icing by Brandon Gormley.
1:13 of 1st period - Scott Timmins wins face-off versus Brock Trotter in Sasquatch zone.
1:16 of 1st period - Wrist shot by Scott Timmins.
1:16 of 1st period - Shot Misses the Net.
1:18 of 1st period - Slapshot by Roman Josi.
1:18 of 1st period - Shot Misses the Net.
1:27 of 1st period - Icing by Jeffrey Foss.
1:28 of 1st period - Sergey Kalinin wins face-off versus Scott Timmins in Blackdemons zone.
1:33 of 1st period - Wrist shot by Teemu Hartikainen.
1:33 of 1st period - Shot Misses the Net.
2:05 of 1st period - Snap shot by Scott Timmins.
2:05 of 1st period - Stopped by Corey Crawford without a rebound.
2:06 of 1st period - Nick Bjugstad wins face-off versus Martin Hanzal in Sasquatch zone.
2:06 of 1st period - Nick Bjugstad is hit by Mathew Dumba.
2:32 of 1st period - Minor Penalty to Nick Leddy for Tripping.
2:33 of 1st period - Drew Shore wins face-off versus Martin Hanzal in Sasquatch zone.
2:33 of 1st period - Drew Shore is hit by Ronalds Kenins.
2:40 of 1st period - Icing by Ronalds Kenins.
2:41 of 1st period - Martin Hanzal wins face-off versus Drew Shore in Blackdemons zone.
4:32 of 1st period - Penalty to Nick Leddy is over, Nick Leddy is back on ice.
4:37 of 1st period - Off-side.
4:38 of 1st period - Kyle Rau wins face-off versus Nick Bjugstad in neutral zone.
5:00 of 1st period - Sergey Kalinin is hit by Scott Timmins and loses puck.
5:11 of 1st period - Snap shot by Scott Timmins.
5:11 of 1st period - Stopped by Corey Crawford with a rebound.
6:07 of 1st period - Slava Voynov is hit by Max Friberg and loses puck.
7:18 of 1st period - Matt Halischuk is hit by Sergei Plotnikov and loses puck.
7:23 of 1st period - Wrist shot by Max Friberg.
7:23 of 1st period - Shot Blocked by Jason Zucker.
7:25 of 1st period - Snap shot by Sergei Plotnikov.
7:25 of 1st period - Stopped by Corey Crawford with a rebound.
7:27 of 1st period - Slapshot by Mathew Dumba.
7:27 of 1st period - Stopped by Corey Crawford with a rebound.
7:29 of 1st period - Snap shot by Mathew Dumba.
7:29 of 1st period - Deflect By Matt Halischuk.
7:29 of 1st period - Stopped by Corey Crawford with a rebound.
7:31 of 1st period - Slapshot by Kyle Rau.
7:31 of 1st period - Stopped by Corey Crawford without a rebound.
7:32 of 1st period - Drew Shore wins face-off versus Patrice Cormier in Sasquatch zone.
7:39 of 1st period - Drew Shore is hit by Andy McDonald and loses puck.
7:46 of 1st period - Wrist shot by Andy McDonald.
7:46 of 1st period - Shot Blocked by Matt Taormina.
7:48 of 1st period - Snap shot by Keaton Ellerby.
7:48 of 1st period - Shot Blocked by Drew Shore.
8:17 of 1st period - Snap shot by Matt Halischuk.
8:17 of 1st period - Stopped by Matt Hackett with a rebound.
8:23 of 1st period - Brock Trotter is hit by Sergei Plotnikov and loses puck.
8:54 of 1st period - Wrist shot by Sergey Kalinin.
8:54 of 1st period - Shot Misses the Net.
9:39 of 1st period - Slapshot by Keaton Ellerby.
9:39 of 1st period - Shot Blocked by Nick Leddy.
9:41 of 1st period - Wrist shot by Sergei Plotnikov.
9:41 of 1st period - Goal by Sergei Plotnikov - Sasquatch : 0 - Blackdemons : 1.
9:42 of 1st period - Patrice Cormier wins face-off versus Drew Shore in neutral zone.
9:47 of 1st period - Wrist shot by Andy McDonald.
9:47 of 1st period - Stopped by Corey Crawford without a rebound.
9:48 of 1st period - Drew Shore wins face-off versus Patrice Cormier in Sasquatch zone.
9:59 of 1st period - Wrist shot by Jason Akeson.
9:59 of 1st period - Shot Misses the Net.
10:01 of 1st period - Snap shot by Matt Taormina.
10:01 of 1st period - Stopped by Matt Hackett without a rebound.
10:02 of 1st period - Martin Hanzal wins face-off versus Drew Shore in Blackdemons zone.
10:13 of 1st period - Slapshot by Ales Kotalik.
10:13 of 1st period - Stopped by Corey Crawford with a rebound.
10:15 of 1st period - Wrist shot by Ronalds Kenins.
10:15 of 1st period - Shot Blocked by Matt Taormina.
10:17 of 1st period - Snap shot by Ronalds Kenins.
10:17 of 1st period - Stopped by Corey Crawford with a rebound.
10:38 of 1st period - Matt Halischuk is hit by Alexandre Grenier and loses puck.
10:51 of 1st period - Snap shot by Lauri Tukonen.
10:51 of 1st period - Stopped by Matt Hackett without a rebound.
10:52 of 1st period - Melker Karlsson wins face-off versus Kyle Rau in Blackdemons zone.
10:53 of 1st period - Wrist shot by Lauri Tukonen.
10:53 of 1st period - Shot Blocked by Max Friberg.
11:03 of 1st period - Slapshot by Sergei Plotnikov.
11:03 of 1st period - Deflect By Kyle Rau.
11:03 of 1st period - Shot Misses the Net.
11:03 of 1st period - Puck is out of play.
11:04 of 1st period - Martin Hanzal wins face-off versus Drew Shore in Sasquatch zone.
11:45 of 1st period - Alexandre Grenier is hit by Matt Halischuk.
12:44 of 1st period - Wrist shot by Teemu Hartikainen.
12:44 of 1st period - Shot Misses the Net.
12:56 of 1st period - Snap shot by Martin Hanzal.
12:56 of 1st period - Shot Blocked by Patrick Wey.
12:58 of 1st period - Snap shot by Alexandre Grenier.
12:58 of 1st period - Goal by Alexandre Grenier - Sasquatch : 0 - Blackdemons : 2.
12:59 of 1st period - Filip Forsberg wins face-off versus Martin Hanzal in neutral zone.
13:01 of 1st period - Nick Leddy is hit by Calvin de Haan and loses puck.
13:14 of 1st period - Slapshot by Andrew MacDonald.
13:14 of 1st period - Stopped by Corey Crawford with a rebound.
13:57 of 1st period - Backhand shot by Max Friberg.
13:57 of 1st period - Shot Misses the Net.
14:24 of 1st period - Snap shot by Drew Shore.
14:24 of 1st period - Goal by Drew Shore - Sasquatch : 1 - Blackdemons : 2.
14:25 of 1st period - Filip Forsberg wins face-off versus Martin Hanzal in neutral zone.
14:28 of 1st period - Wrist shot by Jason Akeson.
14:28 of 1st period - Shot Blocked by Martin Hanzal.
14:39 of 1st period - Off-side.
14:40 of 1st period - Drew Shore wins face-off versus Patrice Cormier in neutral zone.
14:46 of 1st period - Minor Penalty to Drew Shore for Hooking.
14:47 of 1st period - Martin Hanzal wins face-off versus Teemu Hartikainen in Sasquatch zone.
16:13 of 1st period - Sergey Kalinin is hit by Andy McDonald and loses puck.
16:46 of 1st period - Penalty to Drew Shore is over, Drew Shore is back on ice.
16:57 of 1st period - Slapshot by Nick Leddy.
16:57 of 1st period - Stopped by Matt Hackett without a rebound.
16:58 of 1st period - Drew Shore wins face-off versus Kyle Rau in Blackdemons zone.
17:15 of 1st period - Max Friberg is hit by Jason Akeson and loses puck.
17:35 of 1st period - Snap shot by Kyle Rau.
17:35 of 1st period - Shot Misses the Net.
17:37 of 1st period - Snap shot by Max Friberg.
17:37 of 1st period - Shot Hit the Post.
17:39 of 1st period - Wrist shot by Sergei Plotnikov.
17:39 of 1st period - Stopped by Corey Crawford with a rebound.
17:45 of 1st period - Slapshot by Sergei Plotnikov.
17:45 of 1st period - Stopped by Corey Crawford with a rebound.
17:47 of 1st period - Backhand shot by Charles-Olivier Roussel.
17:47 of 1st period - Shot Blocked by Drew Shore.
17:49 of 1st period - Wrist shot by Kyle Rau.
17:49 of 1st period - Shot Hit the Post.
17:51 of 1st period - Snap shot by Kyle Rau.
17:51 of 1st period - Shot Misses the Net.
17:53 of 1st period - Snap shot by Kyle Rau.
17:53 of 1st period - Shot Blocked by Jason Akeson.
17:55 of 1st period - Slapshot by Brett Kulak.
17:55 of 1st period - Shot Hit the Post.
17:57 of 1st period - Wrist shot by Max Friberg.
17:57 of 1st period - Stopped by Corey Crawford without a rebound.
17:58 of 1st period - Nick Bjugstad wins face-off versus Martin Hanzal in Sasquatch zone.
18:23 of 1st period - Andy McDonald is hit by Nick Leddy and loses puck.
18:28 of 1st period - Slapshot by Melker Karlsson.
18:28 of 1st period - Goal by Melker Karlsson - Sasquatch : 2 - Blackdemons : 2.
18:29 of 1st period - Patrice Cormier wins face-off versus Nick Bjugstad in neutral zone.
18:32 of 1st period - Slapshot by Andrew MacDonald.
18:32 of 1st period - Shot Misses the Net.
18:54 of 1st period - Ronalds Kenins is hit by Jason Akeson and loses puck.
19:00 of 1st period - Icing by Calvin de Haan.
19:01 of 1st period - Martin Hanzal wins face-off versus Drew Shore in Blackdemons zone.
Goals for this period are 2 for Sasquatch vs 2 for Blackdemons.
Shots for this period are 6 for Sasquatch vs 15 for Blackdemons.
2nd period
0:01 of 2nd period - Drew Shore wins face-off versus Martin Hanzal in neutral zone.
0:04 of 2nd period - Slapshot by Filip Forsberg.
0:04 of 2nd period - Shot Blocked by Keaton Ellerby.
0:15 of 2nd period - Minor Penalty to Mathew Dumba for High sticking.
0:16 of 2nd period - Patrice Cormier wins face-off versus Drew Shore in Blackdemons zone.
1:48 of 2nd period - Andy McDonald is hit by Nick Bjugstad and loses puck.
2:15 of 2nd period - Penalty to Mathew Dumba is over, Mathew Dumba is back on ice.
2:15 of 2nd period - Snap shot by Brock Trotter.
2:15 of 2nd period - Stopped by Matt Hackett with a rebound.
2:19 of 2nd period - Snap shot by Melker Karlsson.
2:19 of 2nd period - Shot Blocked by Charles-Olivier Roussel.
2:21 of 2nd period - Wrist shot by Melker Karlsson.
2:21 of 2nd period - Stopped by Matt Hackett with a rebound.
2:23 of 2nd period - Slapshot by Martin Marincin.
2:23 of 2nd period - Stopped by Matt Hackett with a rebound.
2:25 of 2nd period - Slapshot by Martin Marincin.
2:25 of 2nd period - Stopped by Matt Hackett with a rebound.
2:35 of 2nd period - Snap shot by Sergey Kalinin.
2:35 of 2nd period - Shot Blocked by Scott Timmins.
4:39 of 2nd period - Snap shot by Scott Timmins.
4:39 of 2nd period - Shot Blocked by Patrick Wey.
4:55 of 2nd period - Snap shot by Teemu Hartikainen.
4:55 of 2nd period - Deflect By Andy McDonald.
4:55 of 2nd period - Shot Blocked by Alexandre Grenier.
4:55 of 2nd period - Puck is out of play.
4:56 of 2nd period - Martin Hanzal wins face-off versus Sergey Kalinin in Blackdemons zone.
5:09 of 2nd period - Andrew MacDonald is hit by Sergey Kalinin and loses puck.
5:48 of 2nd period - Wrist shot by James Livingstone.
5:48 of 2nd period - Goal by James Livingstone - Sasquatch : 2 - Blackdemons : 3.
5:49 of 2nd period - Drew Shore wins face-off versus Martin Hanzal in neutral zone.
7:04 of 2nd period - Calvin de Haan is hit by Teemu Hartikainen.
7:06 of 2nd period - Backhand shot by Andrew MacDonald.
7:06 of 2nd period - Stopped by Corey Crawford with a rebound.
7:08 of 2nd period - Slapshot by Andrew MacDonald.
7:08 of 2nd period - Shot Misses the Net.
7:10 of 2nd period - Slapshot by Blake Pietila.
7:10 of 2nd period - Stopped by Corey Crawford with a rebound.
7:31 of 2nd period - Wrist shot by Teemu Hartikainen.
7:31 of 2nd period - Stopped by Matt Hackett with a rebound.
7:37 of 2nd period - Slapshot by Teemu Hartikainen.
7:37 of 2nd period - Goal by Teemu Hartikainen - Sasquatch : 3 - Blackdemons : 3.
7:38 of 2nd period - Drew Shore wins face-off versus Martin Hanzal in neutral zone.
8:46 of 2nd period - Wrist shot by Sergey Kalinin.
8:46 of 2nd period - Shot Blocked by Calvin de Haan.
8:48 of 2nd period - Snap shot by Sergey Kalinin.
8:48 of 2nd period - Stopped by Matt Hackett without a rebound.
8:49 of 2nd period - Scott Timmins wins face-off versus Sergey Kalinin in Blackdemons zone.
8:49 of 2nd period - Scott Timmins is hit by Sergey Kalinin.
8:57 of 2nd period - Snap shot by Blake Pietila.
8:57 of 2nd period - Stopped by Corey Crawford with a rebound.
9:17 of 2nd period - Slapshot by Teemu Hartikainen.
9:17 of 2nd period - Shot Misses the Net.
9:19 of 2nd period - Snap shot by Teemu Hartikainen.
9:19 of 2nd period - Stopped by Matt Hackett without a rebound.
9:20 of 2nd period - Filip Forsberg wins face-off versus Martin Hanzal in Blackdemons zone.
9:27 of 2nd period - Snap shot by Nick Leddy.
9:27 of 2nd period - Stopped by Matt Hackett with a rebound.
9:31 of 2nd period - Wrist shot by Drew Shore.
9:31 of 2nd period - Stopped by Matt Hackett without a rebound.
9:32 of 2nd period - Drew Shore wins face-off versus Martin Hanzal in Blackdemons zone.
10:24 of 2nd period - Andrew MacDonald is hit by Lauri Tukonen and loses puck.
11:03 of 2nd period - Snap shot by Blake Pietila.
11:03 of 2nd period - Deflect By James Livingstone.
11:03 of 2nd period - Stopped by Corey Crawford without a rebound.
11:04 of 2nd period - Drew Shore wins face-off versus Patrice Cormier in Sasquatch zone.
11:41 of 2nd period - Matt Taormina is hit by Andrew MacDonald and loses puck.
12:02 of 2nd period - Snap shot by Lauri Tukonen.
12:02 of 2nd period - Shot Blocked by Max Friberg.
12:04 of 2nd period - Snap shot by Melker Karlsson.
12:04 of 2nd period - Shot Blocked by Calvin de Haan.
12:20 of 2nd period - Snap shot by Teemu Hartikainen.
12:20 of 2nd period - Stopped by Matt Hackett with a rebound.
13:01 of 2nd period - Wrist shot by Jason Zucker.
13:01 of 2nd period - Shot Misses the Net.
13:11 of 2nd period - Snap shot by Ales Kotalik.
13:11 of 2nd period - Shot Misses the Net.
15:01 of 2nd period - Sergei Plotnikov is hit by Sergey Kalinin and loses puck.
15:25 of 2nd period - Martin Hanzal is hit by Nick Bjugstad.
15:36 of 2nd period - Wrist shot by Ales Kotalik.
15:36 of 2nd period - Stopped by Corey Crawford without a rebound.
15:37 of 2nd period - Patrice Cormier wins face-off versus Drew Shore in Sasquatch zone.
15:46 of 2nd period - Roman Josi is hit by Drew Shore and loses puck.
17:09 of 2nd period - Icing by Jason Akeson.
17:10 of 2nd period - Patrice Cormier wins face-off versus Drew Shore in Sasquatch zone.
17:21 of 2nd period - Slapshot by Jason Akeson.
17:21 of 2nd period - Stopped by Matt Hackett with a rebound.
17:23 of 2nd period - Wrist shot by Jason Akeson.
17:23 of 2nd period - Shot Misses the Net.
17:25 of 2nd period - Slapshot by Nick Leddy.
17:25 of 2nd period - Stopped by Matt Hackett without a rebound.
17:26 of 2nd period - Nick Bjugstad wins face-off versus Martin Hanzal in Blackdemons zone.
17:27 of 2nd period - Slapshot by Matt Halischuk.
17:27 of 2nd period - Shot Misses the Net.
17:29 of 2nd period - Snap shot by Jason Zucker.
17:29 of 2nd period - Shot Misses the Net.
17:31 of 2nd period - Snap shot by Jason Zucker.
17:31 of 2nd period - Shot Misses the Net.
17:33 of 2nd period - Wrist shot by Matt Halischuk.
17:33 of 2nd period - Stopped by Matt Hackett with a rebound.
17:35 of 2nd period - Snap shot by Nick Bjugstad.
17:35 of 2nd period - Deflect By Jason Zucker.
17:35 of 2nd period - Stopped by Matt Hackett with a rebound.
17:37 of 2nd period - Snap shot by Patrick Wey.
17:37 of 2nd period - Shot Blocked by Ronalds Kenins.
17:39 of 2nd period - Wrist shot by Matt Halischuk.
17:39 of 2nd period - Shot Misses the Net.
17:41 of 2nd period - Backhand shot by Patrick Wey.
17:41 of 2nd period - Shot Blocked by Ales Kotalik.
17:51 of 2nd period - Ronalds Kenins is hit by Brock Trotter and loses puck.
18:10 of 2nd period - Wrist shot by Jason Akeson.
18:10 of 2nd period - Shot Misses the Net.
18:12 of 2nd period - Slapshot by Martin Marincin.
18:12 of 2nd period - Goal by Martin Marincin - Sasquatch : 4 - Blackdemons : 3.
18:13 of 2nd period - Drew Shore wins face-off versus Patrice Cormier in neutral zone.
18:25 of 2nd period - Off-side.
18:26 of 2nd period - Martin Hanzal wins face-off versus Drew Shore in neutral zone.
18:56 of 2nd period - Nick Leddy is hit by Alexandre Grenier and loses puck.
19:53 of 2nd period - Wrist shot by Jason Akeson.
19:53 of 2nd period - Stopped by Matt Hackett without a rebound.
19:54 of 2nd period - Drew Shore wins face-off versus Scott Timmins in Blackdemons zone.
Goals for this period are 2 for Sasquatch vs 1 for Blackdemons.
Shots for this period are 17 for Sasquatch vs 6 for Blackdemons.
3rd period
0:01 of 3rd period - Martin Hanzal wins face-off versus Drew Shore in neutral zone.
0:06 of 3rd period - Wrist shot by Martin Hanzal.
0:06 of 3rd period - Shot Misses the Net.
0:35 of 3rd period - Snap shot by Andy McDonald.
0:35 of 3rd period - Goal by Andy McDonald - Sasquatch : 4 - Blackdemons : 4.
0:36 of 3rd period - Patrice Cormier wins face-off versus Drew Shore in neutral zone.
0:45 of 3rd period - Wrist shot by Alexandre Grenier.
0:45 of 3rd period - Shot Misses the Net.
1:02 of 3rd period - Jason Zucker is hit by Keaton Ellerby.
1:24 of 3rd period - Snap shot by Brock Trotter.
1:24 of 3rd period - Stopped by Matt Hackett without a rebound.
1:25 of 3rd period - Kyle Rau wins face-off versus Lauri Tukonen in Blackdemons zone.
1:25 of 3rd period - Kyle Rau is hit by Lauri Tukonen.
1:47 of 3rd period - Wrist shot by Lauri Tukonen.
1:47 of 3rd period - Stopped by Matt Hackett without a rebound.
1:48 of 3rd period - Drew Shore wins face-off versus Patrice Cormier in Blackdemons zone.
2:01 of 3rd period - Wrist shot by Patrice Cormier.
2:01 of 3rd period - Shot Misses the Net.
2:06 of 3rd period - Minor Penalty to Nick Leddy for Hooking.
2:07 of 3rd period - Martin Hanzal wins face-off versus Drew Shore in Sasquatch zone.
2:19 of 3rd period - Snap shot by Martin Hanzal.
2:19 of 3rd period - Goal by Martin Hanzal - Sasquatch : 4 - Blackdemons : 5.
2:20 of 3rd period - Drew Shore wins face-off versus Martin Hanzal in neutral zone.
2:23 of 3rd period - Slapshot by Nick Leddy.
2:23 of 3rd period - Stopped by Matt Hackett without a rebound.
2:24 of 3rd period - Martin Hanzal wins face-off versus Drew Shore in Blackdemons zone.
2:38 of 3rd period - Snap shot by Nick Leddy.
2:38 of 3rd period - Stopped by Matt Hackett without a rebound.
2:39 of 3rd period - Patrice Cormier wins face-off versus Nick Bjugstad in Blackdemons zone.
2:39 of 3rd period - Patrice Cormier is hit by Nick Bjugstad.
2:45 of 3rd period - Nick Bjugstad is hit by Patrice Cormier and loses puck.
3:23 of 3rd period - Slapshot by Calvin de Haan.
3:23 of 3rd period - Shot Misses the Net.
3:25 of 3rd period - Wrist shot by Andrew MacDonald.
3:25 of 3rd period - Shot Misses the Net.
3:31 of 3rd period - Snap shot by Max Friberg.
3:31 of 3rd period - Shot Misses the Net.
3:33 of 3rd period - Snap shot by Max Friberg.
3:33 of 3rd period - Shot Misses the Net.
3:53 of 3rd period - Wrist shot by Teemu Hartikainen.
3:53 of 3rd period - Shot Blocked by Scott Timmins.
3:55 of 3rd period - Snap shot by Sergey Kalinin.
3:55 of 3rd period - Shot Misses the Net.
4:05 of 3rd period - Snap shot by Drew Shore.
4:05 of 3rd period - Shot Misses the Net.
4:13 of 3rd period - Drew Shore is hit by Roman Josi and loses puck.
4:20 of 3rd period - Wrist shot by Blake Pietila.
4:20 of 3rd period - Stopped by Corey Crawford with a rebound.
4:22 of 3rd period - Snap shot by Blake Pietila.
4:22 of 3rd period - Deflect By Scott Timmins.
4:22 of 3rd period - Stopped by Corey Crawford without a rebound.
4:23 of 3rd period - Patrice Cormier wins face-off versus Nick Bjugstad in Sasquatch zone.
5:37 of 3rd period - James Livingstone is hit by Matt Halischuk and loses puck.
5:58 of 3rd period - Slapshot by Andrew MacDonald.
5:58 of 3rd period - Stopped by Corey Crawford with a rebound.
6:37 of 3rd period - Off-side.
6:38 of 3rd period - Sergey Kalinin wins face-off versus Patrice Cormier in neutral zone.
6:45 of 3rd period - Patrice Cormier is hit by Slava Voynov and loses puck.
7:10 of 3rd period - Slapshot by Slava Voynov.
7:10 of 3rd period - Stopped by Matt Hackett without a rebound.
7:11 of 3rd period - Kyle Rau wins face-off versus Drew Shore in Blackdemons zone.
7:32 of 3rd period - Minor Penalty to Drew Shore for Hooking.
7:33 of 3rd period - Martin Hanzal wins face-off versus Teemu Hartikainen in Sasquatch zone.
8:22 of 3rd period - Snap shot by Brock Trotter.
8:22 of 3rd period - Stopped by Matt Hackett with a rebound.
9:10 of 3rd period - Nick Bjugstad is hit by Ronalds Kenins and loses puck.
9:32 of 3rd period - Penalty to Drew Shore is over, Drew Shore is back on ice.
9:42 of 3rd period - Icing by Filip Forsberg.
9:43 of 3rd period - Drew Shore wins face-off versus Scott Timmins in Sasquatch zone.
10:16 of 3rd period - Slapshot by Sergei Plotnikov.
10:16 of 3rd period - Deflect By Kyle Rau.
10:16 of 3rd period - Stopped by Corey Crawford without a rebound.
10:17 of 3rd period - Martin Hanzal wins face-off versus Drew Shore in Sasquatch zone.
10:22 of 3rd period - Slapshot by Ronalds Kenins.
10:22 of 3rd period - Stopped by Corey Crawford without a rebound.
10:23 of 3rd period - Martin Hanzal wins face-off versus Drew Shore in Sasquatch zone.
10:36 of 3rd period - Snap shot by Martin Hanzal.
10:36 of 3rd period - Shot Blocked by Jason Akeson.
10:38 of 3rd period - Slapshot by Keaton Ellerby.
10:38 of 3rd period - Stopped by Corey Crawford without a rebound.
10:39 of 3rd period - Patrice Cormier wins face-off versus Nick Bjugstad in Sasquatch zone.
10:45 of 3rd period - Minor Penalty to Nick Bjugstad for Hooking.
10:46 of 3rd period - Drew Shore wins face-off versus Martin Hanzal in Sasquatch zone.
11:14 of 3rd period - Icing by Mathew Dumba.
11:15 of 3rd period - Patrice Cormier wins face-off versus Sergey Kalinin in Blackdemons zone.
11:52 of 3rd period - Snap shot by Patrice Cormier.
11:52 of 3rd period - Stopped by Corey Crawford with a rebound.
11:54 of 3rd period - Wrist shot by Andy McDonald.
11:54 of 3rd period - Shot Blocked by Brandon Gormley.
11:56 of 3rd period - Slapshot by Keaton Ellerby.
11:56 of 3rd period - Shot Misses the Net.
11:58 of 3rd period - Wrist shot by Alexandre Grenier.
11:58 of 3rd period - Shot Misses the Net.
12:00 of 3rd period - Slapshot by Patrice Cormier.
12:00 of 3rd period - Goal by Patrice Cormier - Sasquatch : 4 - Blackdemons : 6.
12:01 of 3rd period - Martin Hanzal wins face-off versus Drew Shore in neutral zone.
12:09 of 3rd period - Icing by Drew Shore.
12:10 of 3rd period - Drew Shore wins face-off versus Martin Hanzal in Sasquatch zone.
12:10 of 3rd period - Drew Shore is hit by Martin Hanzal.
12:41 of 3rd period - Slapshot by Filip Forsberg.
12:41 of 3rd period - Stopped by Matt Hackett with a rebound.
12:43 of 3rd period - Snap shot by Filip Forsberg.
12:43 of 3rd period - Shot Misses the Net.
12:45 of 3rd period - Snap shot by Jason Akeson.
12:45 of 3rd period - Stopped by Matt Hackett with a rebound.
12:47 of 3rd period - Snap shot by Filip Forsberg.
12:47 of 3rd period - Goal by Filip Forsberg - Sasquatch : 5 - Blackdemons : 6.
12:48 of 3rd period - Matt Halischuk wins face-off versus Andy McDonald in neutral zone.
13:13 of 3rd period - Andrew MacDonald is hit by Nick Leddy and loses puck.
14:16 of 3rd period - Off-side.
14:17 of 3rd period - Martin Hanzal wins face-off versus Nick Bjugstad in neutral zone.
14:22 of 3rd period - Slapshot by Martin Hanzal.
14:22 of 3rd period - Shot Misses the Net.
14:32 of 3rd period - Slapshot by Nick Leddy.
14:32 of 3rd period - Shot Blocked by Ales Kotalik.
14:44 of 3rd period - Snap shot by Kyle Rau.
14:44 of 3rd period - Shot Blocked by Matt Halischuk.
14:46 of 3rd period - Slapshot by Keaton Ellerby.
14:46 of 3rd period - Shot Blocked by Nick Bjugstad.
14:48 of 3rd period - Slapshot by Keaton Ellerby.
14:48 of 3rd period - Deflect By Kyle Rau.
14:48 of 3rd period - Goal by Kyle Rau - Sasquatch : 5 - Blackdemons : 7.
14:49 of 3rd period - Drew Shore wins face-off versus Patrice Cormier in neutral zone.
15:07 of 3rd period - Minor Penalty to Jason Akeson for Hooking.
15:08 of 3rd period - Drew Shore wins face-off versus Martin Hanzal in Sasquatch zone.
17:07 of 3rd period - Penalty to Jason Akeson is over, Jason Akeson is back on ice.
17:08 of 3rd period - Martin Marincin is hit by Alexandre Grenier and loses puck.
17:27 of 3rd period - Jason Zucker is hit by Calvin de Haan and loses puck.
17:59 of 3rd period - Minor Penalty to Charles-Olivier Roussel for Holding.
18:00 of 3rd period - Patrice Cormier wins face-off versus Drew Shore in Blackdemons zone.
18:38 of 3rd period - Patrice Cormier is hit by Patrick Wey.
19:20 of 3rd period - Andy McDonald is hit by Petr Straka and loses puck.
19:59 of 3rd period - Penalty to Charles-Olivier Roussel is over, Charles-Olivier Roussel is back on ice.
Goals for this period are 1 for Sasquatch vs 4 for Blackdemons.
Shots for this period are 9 for Sasquatch vs 11 for Blackdemons.
Back to the Top